 Dungeon Crawl Stone Soup version 0.26-a0-597-gb535b0901c (webtiles) character file.

Game seed: 12440890379495004537

175 MackTheKnife the Covert (level 5, -5/26 HPs)
             Began as a Vine Stalker Brigand on Sept 11, 2020.
             Slain by viperstalker's ghost (6 damage)
             ... on level 3 of the Dungeon.
             The game lasted 00:03:58 (3657 turns).

MackTheKnife the Covert (Vine Stalker Brigand)      Turns: 3657, Time: 00:03:59

Health: -5/26      AC:  3    Str: 14    XL:     5   Next: 55%
Magic:  0/6        EV: 11    Int: 11    God:
Gold:   111        SH:  0    Dex: 16    Spells: 4/4 levels left

rFire    . . .     SeeInvis .   y - +2 short sword (elec)
rCold    . . .     Faith    +   (no shield)
rNeg     . . .     Spirit   +   b - +0 robe
rPois    .         Reflect  .   (no helmet)
rElec    .         Harm     .   c - +0 cloak
rCorr    .                      (no gloves)
MR       .....                  (no boots)
Stlth    ++++......             l - amulet of faith {Faith, !P}
HPRegen  0.48/turn              i - ring of flight {+Fly, !d}
MPRegen  0.10/turn              (no ring)

@: no status effects
A: fangs 2, regeneration 1, magic shield, antimagic bite, no potion heal 3, rot
immunity
a: Evoke Flight


You were on level 3 of the Dungeon.
You visited 1 branch of the dungeon, and saw 3 of its levels.
You visited the Abyss 1 time.

You collected 111 gold pieces.

Inventory:

Hand Weapons
 y - a +2 short sword of electrocution (weapon)
   (You took it off an orc on level 3 of the Dungeon)
Missiles
 d - 8 poisoned darts
 f - 6 atropa-tipped darts
Armour
 b - a +0 robe (worn)
 c - a +0 cloak (worn)
Jewellery
 i - a ring of flight (left hand) {+Fly, !d}
   (You found it on level 1 of the Dungeon)
 l - an amulet of faith (around neck) {Faith, !P}
   (You found it on level 1 of the Dungeon)
Scrolls
 j - 2 scrolls of teleportation {unknown}
 k - 7 scrolls of identify {unknown}
 m - a scroll of immolation {!r}
 n - 5 scrolls of remove curse {unknown}
 o - 5 scrolls of blinking {unknown}
 q - a scroll of magic mapping {unknown}
 r - a scroll of fear {unknown}
 w - a scroll of brand weapon {unknown}
 A - a scroll of amnesia {unknown}
Potions
 a - a potion of cancellation {unknown}
 g - 2 potions of invisibility {unknown}
 h - 2 potions of heal wounds
 s - 3 potions of flight
 t - a potion of brilliance {unknown}
 u - a potion of degeneration {unknown}
 v - 2 potions of lignification {unknown}
 z - a potion of haste {unknown}


   Skills:
 - Level 1.7 Fighting
 - Level 1.7 Short Blades
 - Level 1.7 Throwing
 - Level 0.7 Dodging
 + Level 8.5 Stealth


You had 4 spell levels left.
You didn't know any spells.
Your spell library was empty.

Dungeon Overview and Level Annotations

Branches:
Dungeon (3/15)

Altars:
Ashenzari
The Shining One

Annotations:
D:3 viperstalker's ghost, amateur PaFi


Innate Abilities, Weirdness & Mutations

You have extremely sharp teeth.
Your natural rate of healing is unusually fast.
When hurt, damage is shared between your health and your magic reserves.
Your bite disrupts and absorbs the magic of your enemies.
Potions cannot restore your health.
You are immune to rotting.


Message History

It was a potion of flight.
You feel very buoyant.
You fly up into the air.
The kobold misses you.
It was a potion of heal wounds.
That seemed strangely inert.
The kobold hits you but does no damage. Space warps horribly around you.
You take 5 damage, and have 21/26 hp.
You now have 5/6 mp.
You closely miss the kobold. You bite the kobold, but do no damage.
The kobold barely misses you.
You hit the kobold. Your bite misses the kobold.
The kobold hits you but does no damage.
You are cast into the Abyss!
To return, you must find a gate leading back.
Killing monsters will force the Abyss to allow you passage.
This branch contains the abyssal rune of Zot.
w - a scroll labeled MYUPSE WILEJE
z - a bubbling red potion
Found a gateway leading deeper into the Abyss.
MP restored: 6 Health restored: 26
There is a gateway leading deeper into the Abyss here.
You plunge deeper into the Abyss.
A - a scroll labeled AMMIC ABROAD You now have 111 gold pieces (gained 13).
You are starting to lose your buoyancy.
You float gracefully downwards.
A cyan ugly thing comes into view.
An apocalypse crab comes into view.
Found a gateway leading out of the Abyss.
There is a gateway leading out of the Abyss here.
You pass through the gate.
Welcome back to the Dungeon!
Level annotation: viperstalker's ghost, amateur PaFi The kobold closely misses you.
The kobold barely misses you.
The kobold hits you with a +1 dagger of distortion.
You blink.
You take 2 damage, and have 24/26 hp.
You now have 5/6 mp.
Unknown command.
Unknown command.
Unknown command.
You aren't carrying any items that you can evoke.
Unknown command.
Quiver which item? (- for none, * to show all) (? for menu, Esc to quit)
Quivering
e - 2 curare-tipped darts for throwing.
Throwing (i - inventory)
e - 2 curare-tipped darts (quivered)
Aim: a kobold, wielding a +1 dagger of distortion You throw a curare-tipped dart.
The curare-tipped dart closely misses the kobold.
Throwing (i - inventory)
e - a curare-tipped dart (quivered)
Aim: a kobold, wielding a +1 dagger of distortion You throw a curare-tipped dart.
The curare-tipped dart hits the kobold.
The kobold is poisoned.
The kobold convulses.
You kill the kobold!
Things that are here:
a curare-tipped dart; a +1 dagger of distortion {!w} Health restored: 26 The kobold hits you with a +0 dagger.
The kobold barely misses you.
You see here a curare-tipped dart.
You take 1 damage, and have 25/26 hp.
You hit the kobold. Lightning courses through the kobold!!
You kill the kobold!
The kobold hits you but does no damage.
Health restored: 26 You hit the kobold but do no damage.
The kobold closely misses you.
You hit the kobold.
You kill the kobold!
You hit viperstalker's ghost but do no damage.
Your bite misses viperstalker's ghost. Viperstalker's ghost hits you!
You take 8 damage, and have 18/26 hp.
MASSIVE DAMAGE!!
You now have 3/6 mp.
You hit viperstalker's ghost.
Viperstalker's ghost closely misses you.
You hit viperstalker's ghost but do no damage.
You bite viperstalker's ghost, but do no damage.
Viperstalker's ghost hits you.
You take 5 damage, and have 14/26 hp.
You hit viperstalker's ghost but do no damage.
Viperstalker's ghost hits you!
* * * LOW HITPOINT WARNING * * *
You take 7 damage, and have 7/26 hp.
MASSIVE DAMAGE!!
You now have 2/6 mp.
You hit viperstalker's ghost. You bite viperstalker's ghost.
You drain its power.
You feel invigorated. Viperstalker's ghost hits you.
* * * LOW HITPOINT WARNING * * *
You take 1 damage, and have 6/26 hp.
Okay, then.
Okay, then.
It was a potion of curing.
That felt strangely inert.
Viperstalker's ghost closely misses you.
It was a potion of magic.
Magic courses through your body. Viperstalker's ghost hits you!
* * * LOW HITPOINT WARNING * * *
You take 5 damage, and have 1/26 hp.
You now have 1/6 mp.
Okay, then.
As you read the scroll labeled UNAURI XOJEE, it crumbles to dust.
The creatures around you are filled with an inner flame!
It was a scroll of immolation.
Viperstalker's ghost hits you!
You die...

.#...........##.# #.#.....
.#...........##.##########.#####.
##.############..........#.......
##'############..#######.#######.
.............##..................
......###+##.##.....####.######..
..............#.....# #.# #..
................†(..# #.# #..
######........##@#'## #.# #..
#<.......##W#.# #.# #..
####'######K#.# #.# #.. #.# #K#.#
#.# #.. #.# ##K#.# #.# ### #.#
#..#.# ##.# #########.#
#...#####..# ..........#
#..##.8.#### ###########
#.K#KKK..#


You could see viperstalker's ghost (inner flame) and 3 kobolds.

Vanquished Creatures
  An orc priest (D:3)
  3 gnolls (D:3)
  3 adders
  4 worms
  4 leopard geckos
  8 orcs (D:3)
  5 bats
  4 giant cockroaches
  7 goblins
  7 hobgoblins
  2 quokkas
  5 frilled lizards
  11 kobolds
  7 rats
71 creatures vanquished.

Vanquished Creatures (others)
  2 fungi (D:3)
  2 plants (D:3)
4 creatures vanquished.

Grand Total: 75 creatures vanquished

Notes
Turn   | Place    | Note
-------+----------+-------------------------------------------
     0 | D:1      | MackTheKnife the Vine Stalker Brigand began the quest for
                  | the Orb.
     0 | D:1      | Reached XP level 1. HP: 11/11 MP: 2/2
   109 | D:1      | Reached skill level 5 in Stealth
   193 | D:1      | Reached XP level 2. HP: 10/15 MP: 3/3
  1023 | D:1      | Reached skill level 6 in Stealth
  1445 | D:2      | Reached XP level 3. HP: 18/18 MP: 4/4
  1477 | D:2      | Found a glowing golden altar of the Shining One.
  2258 | D:2      | Gained mutation: Your natural rate of healing is unusually
                  | fast. [Vine Stalker growth]
  2258 | D:2      | Reached XP level 4. HP: 20/23 MP: 3/5
  2381 | D:2      | Reached skill level 7 in Stealth
  2686 | D:3      | Found a shattered altar of Ashenzari.
  2816 | D:3      | Reached XP level 5. HP: 12/26 MP: 1/6
  2935 | D:3      | Reached skill level 8 in Stealth
  2937 | D:3      | Found a runed translucent gate.
  2938 | D:3      | Found a runed translucent gate.
  2939 | D:3      | Found a runed translucent gate.
  2942 | D:3      | Noticed viperstalker's ghost (amateur PaFi)
  3547 | D:3      | Cast into level 1 of the Abyss (kobold)
  3621 | Abyss:2  | Noticed a cyan ugly thing
  3621 | Abyss:2  | Noticed an apocalypse crab
  3642 | D:3      | Escaped the Abyss
  3654 | D:3      | HP: 6/26 [viperstalker's ghost (2)]
  3656 | D:3      | HP: 1/26 [viperstalker's ghost (6)]
  3657 | D:3      | Slain by viperstalker's ghost

Illustrated notes

Levels and vault maps discovered:
D:1:      kilobyte_arrival_exit_the_forest, layout_basic, st_stairs_12
D:2:      layout_basic, tso_metal_star
D:3:      layout_basic, cheibrodos_ashenzari_chains,
          gammafunk_ghost_nasty_kobolds

Skill      XL: |  1  2  3  4  5 |
---------------+----------------+-----
Stealth        | 5 6 7 8 |  8.5
Fighting       | |  1.7
Short Blades   | |  1.7
Throwing       | |  1.7
Dodging        | |  0.7

Action                   |  1- 3 |  4- 6 || total
-------------------------+-------+-------++-------
Melee: Dagger            |    82 |    22 ||   104
       Bite              |    21 |    14 ||    35
       Short sword       |       |    54 ||    54
Throw: Dart              |       |     2 ||     2
 Abil: Evoke Flight      |     1 |       ||     1
  Use: Potion            |       |     4 ||     4
       Scroll            |       |     1 ||     1
 Stab: Sleeping          |    13 |     6 ||    19
Armor: Robe              |    17 |    12 ||    29
Dodge: Dodged            |    33 |    31 ||    64

Table legend: (Time is in decaauts)
 A = Elapsed time spent in this place.
 B = Non-inter-level travel time spent in this place.
 C = Inter-level travel time spent in this place.
 D = Time resting spent in this place.
 E = Time spent auto-exploring this place.
 F = Levels seen in this place.
 G = Mean time per level.
                   A        B        C        D        E       F      G
               +--------+--------+--------+--------+--------+-----+--------+
         Total |   3656 |   3498 |    158 |    380 |   2579 |   5 |  731.2 |
       Dungeon |   3561 |   3403 |    158 |    380 |   2579 |   3 | 1187.0 |
         Abyss |     94 |     94 |      0 |      0 |      0 |   2 |   47.0 |
               +--------+--------+--------+--------+--------+-----+--------+

Top non-repeatable levels by time:
     D:1: 1444 daAuts
     D:2: 1085 daAuts
     D:3: 1031 daAuts
 Abyss:2: 81 daAuts
 Abyss:1: 12 daAuts

Table legend:
 A = Kills in this place as a percentage of kills in entire the game.
 B = Kills by you in this place as a percentage of kills by you in the entire game.
 C = Kills by friends in this place as a percentage of kills by friends in the entire game.
 D = Other kills in this place as a percentage of other kills in the entire game.
 E = Experience gained in this place as a percentage of experience gained in the entire game.
 F = Experience gained in this place divided by the number of levels of this place that you have seen.
                   A       B       C       D       E      F
               +-------+-------+-------+-------+-------+----------------------
         Total | 100.0 | 100.0 |   N/A |   N/A | 100.0 |  50.2
       Dungeon | 100.0 | 100.0 |   N/A |   N/A | 100.0 |  83.7
               +-------+-------+-------+-------+-------+----------------------
